 Dungeon Crawl Stone Soup version 0.31-a0-765-g67fe2935dc (webtiles) character file.

Game seed: 17216850581854528031

2839 javelincjr the Conjurer (level 9, -3/51 HPs)
             Began as an Octopode Conjurer on Sept 15, 2023.
             Was a Believer of Dithmenos.
             Slain by a hornet (17 damage)
             ... on level 7 of the Dungeon.
             The game lasted 00:25:03 (8083 turns).

javelincjr the Conjurer (Octopode Conjurer)         Turns: 8083, Time: 00:25:04

Health: -3/51      AC:  1    Str:  6    XL:     9   Next: 74%
Magic:  7/18       EV: 13    Int: 25    God:    Dithmenos [**....]
Gold:   180        SH:  4    Dex: 10    Spells: 15/20 levels left

rFire   + . .        d - +1 spear (venom)
rCold   x . .        p - +0 buckler
rNeg    . . .        (helmet restricted)
rPois   .            (no amulet)
rElec   .            q - ring of flight
rCorr   .            j - ring of fire
SInv    .            (no ring)
Will    .....        (no ring)
Stlth   ++++++       (no ring)
HPRegen 0.28/turn    (no ring)
MPRegen 0.16/turn    (no ring)
                     (no ring)

%: no passive effects
@: lethally poisoned (-3 -> -10), flying, slowed, wreathed by umbra, very slow
A: almost no armour, amphibious, 8 rings, camouflage 1, gelatinous body 1,
(nimble swimmer 1), tentacles
a: Renounce Religion, Shadow Step


You were on level 7 of the Dungeon.
You worshipped Dithmenos.
Dithmenos was pleased with you.
You visited 1 branch of the dungeon, and saw 9 of its levels.

You collected 446 gold pieces.
You spent 266 gold pieces at shops.

Inventory:

Hand Weapons
 c - a +0 whip of venom
 d - a +1 spear of venom (weapon)
 n - a +0 dagger of chaos
Armour
 p - a +0 buckler (worn)
Magical Staves
 x - a staff of air
 z - a staff of poison
Jewellery
 j - a ring of fire (right tentacle)
 q - a ring of flight (left tentacle)
Wands
 o - a wand of quicksilver (6)
 r - a wand of paralysis (9)
Scrolls
 a - a scroll of brand weapon {unknown}
 b - 3 scrolls of teleportation
 f - 4 scrolls of fog
 h - 2 scrolls of blinking
 k - 3 scrolls of amnesia
 u - 2 scrolls of enchant armour {unknown}
 w - a scroll of vulnerability
 y - a scroll of enchant weapon {unknown}
 A - a scroll of butterflies {unknown}
Potions
 e - a potion of might {unknown}
 g - 4 potions of degeneration {unknown}
 i - a potion of heal wounds
 l - 5 potions of curing
 m - a potion of berserk rage {unknown}
 s - a potion of resistance {unknown}
 t - a potion of ambrosia {unknown}
 v - a potion of mutation {unknown}


   Skills:
 + Level 5.1 Dodging
 + Level 7.2 Stealth
 + Level 3.4 Shields
 * Level 6.3 Spellcasting
 * Level 7.7 Conjurations
 + Level 3.1 Translocations
 + Level 3.6 Invocations


You had 15 spell levels left.
You knew the following spells:

 Your Spells              Type           Power      Damage    Failure   Level
a - Magic Dart            Conj           100%       1d8       1%          1
b - Searing Ray           Conj           92%        2d7       1%          2
c - Blink                 Tloc           46%        N/A       4%          2

Your spell library contained the following spells:

 Spells                   Type           Power      Damage    Failure   Level
 Momentum Strike          Conj/Tloc      70%        3d9       1%          2
 Lesser Beckoning         Tloc           46%        N/A       4%          2
 Dazzling Flash           Conj/Hex       54%        N/A       8%          3
 Gell's Gravitas          Tloc           23%        N/A       10%         3
 Teleport Other           Tloc           23%        N/A       10%         3
 Iskenderun's Mystic Bla  Conj/Tloc      35%        2d8       13%         4
 Cigotuvi's Dreadful Rot  Necr/Pois/Air  14%        N/A       19%         2
 Fulminant Prism          Conj/Hex       13%        3d9       24%         4
 Ignite Poison            Fire/Tmut/Pois 11%        N/A       36%         3
 Freezing Cloud           Conj/Ice/Air   10%        6-21      75%         5
 Dispel Undead            Necr           7%         3d8       77%         4
 Dispersal                Tloc           11%        N/A       99%         6
 Death Channel            Necr           3%         N/A       100%        6


Dungeon Overview and Level Annotations

Branches:
Dungeon (9/15)             Temple (0/1) D:4
   Lair: D:8-11         Orc: D:9-12

Altars:
Ashenzari
Dithmenos
Fedhas
Hepliaklqana
Kikubaaqudgha
Makhleb
Nemelex Xobeh
Ru
Wu Jian
Xom
Yredelemnul
Zin
The Shining One

Shops:
D:4 *   D:5 *   D:8 (

Annotations:
D:7 Jeremiah


Innate Abilities, Weirdness & Mutations

You cannot wear most types of armour.
You are amphibious.
You can wear up to eight rings at the same time.
Your skin changes colour to match your surroundings (Stealth+).
Your rubbery body absorbs attacks. (AC +1, EV +1)
((You are camouflaged when in or above water. (Stealth+)))
You have tentacles for arms and can constrict up to eight enemies at once.


Message History

The hornet closely misses you. The hornet misses you.
You feel sick. The hornet attacks as it pursues you!
You block the hornet's attack. The hornet stings you.
You are more poisoned.
You feel as though you will be slow longer.
Casting: Searing Ray (safe; 1% risk of failure)
Confirm with . or Enter, or press ? or * to list all spells.
Aiming: Searing Ray (safe; 1% risk of failure)
Press: ? - help, Shift-Dir - straight line, f/p - hornet
Aim: a hornet (moderately wounded, umbra, 73% to hit)
The searing ray hits the hornet!
The hornet is heavily wounded.
The searing ray hits the water moccasin.
The water moccasin is lightly wounded. (Press . to maintain the ray.)
You feel very sick. The hornet misses you. The hornet barely misses you.
The searing ray hits the hornet.
The hornet is severely wounded.
The searing ray hits the water moccasin!
The water moccasin is heavily wounded.
You feel very sick. The hornet barely misses you. The hornet stings you!
* * * LOW HITPOINT WARNING * * *
You are lethally poisoned!
You feel as though you will be slow longer.
The searing ray hits the hornet.
The hornet is almost dead.
The searing ray hits the water moccasin!
The water moccasin is almost dead.
* * * LOW HITPOINT WARNING * * *
You feel very sick. The hornet closely misses you. The hornet stings you!
* * * LOW HITPOINT WARNING * * *
You feel as though you will be slow longer.
The hornet closely misses you.
You feel much better.
You feel very sick. The hornet stings you!
You die...

.......################.#
..........)...........#.#
......############..#.#.#
......# #....#.# ......#
#...##.#
......############......#
....................#####
......##########....#
......##########@####
...............#y#
................S#
..........[....###
...............#
...............#
#...##.........#
#..$......# #.........#


You could see a hornet and a water moccasin.

Vanquished Creatures
  Pikel (D:5)
  Grinder (D:5)
  Sigmund (D:2)
  Eustachio (D:6)
  An orc warrior (D:7)
  2 black bears
  An ogre (D:6)
  A kobold brigand (D:7)
  A lemure (D:5)
  A bullfrog (D:9)
  6 scorpions
  4 wights (D:6)
  2 howler monkeys
  A crimson imp (D:3)
  2 orc priests
  2 jellies
  2 hounds
  A sleepcap (D:6)
  A gnoll bouda (D:5)
  Jessica (D:2)
  4 iguanas
  3 orc wizards (D:7)
  9 gnolls (D:5)
  4 adders
  A white imp (D:8)
  4 ufetubi
  A worm (D:3)
  6 dart slugs
  12 orcs
  7 ball pythons
  6 endoplasms
  6 giant cockroaches
  6 goblins
  7 hobgoblins
  6 jackals (D:4)
  5 quokkas
  5 bats
  7 frilled lizards
  20 kobolds
  7 rats
159 creatures vanquished.

Notes
Turn   | Place    | Note
-------+----------+-------------------------------------------
     0 | D:1      | javelincjr the Octopode Conjurer began the quest for the
                  | Orb.
     0 | D:1      | Reached XP level 1. HP: 11/11 MP: 3/3
   292 | D:1      | Reached XP level 2. HP: 17/17 MP: 3/5
   295 | D:1      | Learned a level 2 spell: Searing Ray
   848 | D:1      | Reached XP level 3. HP: 21/21 MP: 6/6
  1079 | D:2      | Noticed Sigmund
  1087 | D:2      | Killed Sigmund
  1088 | D:2      | Reached skill level 5 in Conjurations
  1088 | D:2      | Reached XP level 4. HP: 13/27 MP: 1/9
  1088 | D:2      | Reached XP level 5. HP: 15/31 MP: 1/10
  1238 | D:2      | Found a shadowy altar of Dithmenos.
  1238 | D:2      | Noticed Jessica
  1243 | D:2      | Killed Jessica
  1244 | D:2      | Reached XP level 6. HP: 36/36 MP: 9/11
  1543 | D:2      | Became a worshipper of Dithmenos the Shadowed
  2492 | D:3      | Found Zin's Purification Station.
  2495 | D:3      | Found a glowing silver altar of Zin.
  2498 | D:3      | Bought a potion of curing for 90 gold pieces
  2593 | D:3      | Found a shimmering altar of Xom.
  2593 | D:3      | Found a burning altar of Makhleb.
  2722 | D:3      | Found a sparkling altar of Nemelex Xobeh.
  2788 | D:3      | Found a basalt altar of Yredelemnul.
  2793 | D:3      | Reached * piety under Dithmenos
  2795 | D:3      | Found an ancient bone altar of Kikubaaqudgha.
  2800 | D:3      | Found a hazy altar of Hepliaklqana.
  2803 | D:3      | Found a broken altar of Ashenzari.
  2805 | D:3      | Found a glowing golden altar of the Shining One.
  2814 | D:3      | Found a sacrificial altar of Ru.
  2939 | D:4      | Noticed a black bear
  2952 | D:4      | Killed a black bear
  2979 | D:4      | Reached XP level 7. HP: 41/41 MP: 8/13
  3256 | D:4      | Reached skill level 5 in Stealth
  3412 | D:4      | Learned a level 2 spell: Blink
  3472 | D:4      | Found an ornate altar of the Wu Jian Council.
  3587 | D:4      | Found a staircase to the Ecumenical Temple.
  3630 | D:4      | Found Rilapich's Assorted Antiques.
  3636 | D:4      | Bought a scroll labelled RITAPT COFO for 19 gold pieces
  3636 | D:4      | Bought a cyan potion for 17 gold pieces
  3636 | D:4      | Bought a tubular jade ring for 95 gold pieces
  4256 | D:4      | Bought a scroll labelled OVEGIQ HIMIDY for 19 gold pieces
  4301 | D:5      | Entered Level 5 of the Dungeon
  4375 | D:5      | Reached skill level 1 in Invocations
  4514 | D:5      | Reached skill level 1 in Shields
  4532 | D:5      | Reached ** piety under Dithmenos
  4533 | D:5      | Reached skill level 1 in Translocations
  4533 | D:5      | Noticed Pikel
  4555 | D:5      | Killed Pikel
  4556 | D:5      | Reached skill level 5 in Spellcasting
  4556 | D:5      | Reached XP level 8. HP: 45/46 MP: 7/15
  4747 | D:5      | Noticed Grinder
  4762 | D:5      | Paralysed by Grinder for 5 turns
  4886 | D:5      | Paralysed by Grinder for 2 turns
  4888 | D:5      | Killed Grinder
  4965 | D:5      | Found Kifat's Assorted Antiques.
  4970 | D:5      | Bought a scroll labelled TAJUNK OKEIGAI for 26 gold pieces
  5539 | D:6      | Reached XP level 9. HP: 32/51 MP: 12/17
  5872 | D:6      | Noticed Eustachio
  5883 | D:6      | Killed Eustachio
  6570 | D:6      | Reached skill level 5 in Dodging
  7262 | D:7      | You are sucked into a shaft and drop 2 floors!
  7426 | D:9      | Found a blossoming altar of Fedhas.
  7570 | D:8      | Found Rioxocuc's Weapon Emporium.
  8015 | D:7      | Noticed Jeremiah
  8065 | D:7      | Noticed a hornet
  8082 | D:7      | HP: 1/51 [hornet (7)]
  8083 | D:7      | Slain by a hornet

Illustrated notes

Levels and vault maps discovered:
D:1:      dpeg_arrival_rhombi, layout_loops_ring, kennysheep_boxes
D:2:      layout_loops_corners, basic_altar, st_stairs_13, uniq_jessica,
          uniq_sigmund
D:3:      layout_basic, grunt_temple_overflow_champion_of_chaos, zin_purify,
          nicolae_overflow_hallway_of_the_gods, overflow_temple_1_default,
          minmay_misc_feat_pillars, kennysheep_generic_room_3
D:4:      layout_basic, lemuel_doored_altar, minmay_temple_entry_arrows,
          serial_shops, nicolae_stop_n_shop_2, hangedman_feature_mirror,
          minivault_27
D:5:      layout_basic, serial_shops, shop, uniq_pikel, uniq_grinder
D:6:      layout_loops_corners, chequers_serial_rivers_room_b, uniq_eustachio
D:7:      layout_basic, uniq_jeremiah
D:8:      layout_gridville, serial_shops, nicolae_shop_hallway_stairs,
          minmay_liquid_box, uniq_maurice
D:9:      layout_basic, nicolae_overflow_hidden_temple,
          minmay_misc_feat_ornament, grunt_decor_fettered,
          chequers_serial_rivers_small_3, corexii_corridor_pit

Skill      XL: |  1  2  3  4  5  6  7  8  9 |
---------------+----------------------------+-----
Stealth        | 3 4 6 7 |  7.2
Spellcasting   | 3 4 5 6 |  6.3
Conjurations   | 5 6 7 |  7.7
Dodging        | 3 4 5 |  5.1
Invocations    | 2 3 |  3.6
Shields        | 1 2 3 |  3.4
Translocations | 1 2 3 |  3.1

Action                     |  1- 3 |  4- 6 |  7- 9 || total
---------------------------+-------+-------+-------++-------
  Melee: Unarmed           |     2 |       |       ||     2
         Tentacles         |     3 |    18 |    20 ||    41
         Spear             |    16 |   106 |    94 ||   216
         Constrict         |     2 |    16 |    18 ||    36
   Cast: Magic Dart        |    19 |     4 |   119 ||   142
         Searing Ray       |     1 |     2 |    35 ||    38
         Blink             |       |       |     2 ||     2
  Evoke: Wand              |       |       |     1 ||     1
    Use: Scroll            |       |       |     7 ||     7
         Potion            |       |       |     2 ||     2
   Stab: Sleeping          |     8 |    20 |     4 ||    32
 Armour: Skin              |     2 |    24 |    67 ||    93
  Dodge: Dodged            |     4 |    50 |    93 ||   147
  Block: Buckler           |       |       |    22 ||    22

Table legend: (Time is in decaauts)
 A = Elapsed time spent in this place.
 B = Non-inter-level travel time spent in this place.
 C = Inter-level travel time spent in this place.
 D = Time resting spent in this place.
 E = Time spent auto-exploring this place.
 F = Levels seen in this place.
 G = Mean time per level.
                   A        B        C        D        E       F      G
               +--------+--------+--------+--------+--------+-----+--------+
         Total |   8123 |   7809 |    314 |    488 |   6071 |   9 |  902.6 |
       Dungeon |   8123 |   7809 |    314 |    488 |   6071 |   9 |  902.6 |
               +--------+--------+--------+--------+--------+-----+--------+

Top non-repeatable levels by time:
     D:4: 1476 daAuts
     D:6: 1370 daAuts
     D:2: 1117 daAuts
     D:1: 1079 daAuts
     D:5: 1046 daAuts
     D:3: 763 daAuts
     D:7: 739 daAuts
     D:9: 308 daAuts
     D:8: 221 daAuts
